 Dungeon Crawl Stone Soup version 0.31-a0-358-gac0dbeb3ab (webtiles) character file.

Game seed: 7131144739990809222

457 kae the Ruffian (level 7, 0/61 HPs)
             Began as a Naga Shapeshifter on July 25, 2023.
             Shot with an arrow by a centaur (11 damage)
             ... on level 5 of the Dungeon.
             The game lasted 00:03:50 (4034 turns).

kae the Ruffian (Naga Shapeshifter)                 Turns: 4034, Time: 00:03:50

Health: 0/61       AC:  4    Str: 17 (18) XL:     7   Next: 6%
Magic:  7/7        EV: 10    Int:  7 (10) God:
Gold:   167        SH:  0    Dex: 10 (11) Spells: 6/6 levels left

rFire   . .          .
                       - Unarmed
rCold   . . .        (no shield)
rNeg    . . .        a - +1 animal skin
rPois   +            (helmet currently unavailable)
rElec   .            (cloak currently unavailable)
rCorr   .            (gloves currently unavailable)
SInv    +            (no barding)
Will    .....        (no amulet)
Stlth   +            Z - ring of wizardry
HPRegen 0.30/turn    (no ring)
MPRegen 0.10/turn

%: wizardry (x1)
@: beast-form, very slow
A: beast (slay +3), AC +2, large, see invisible, deformed body, poison
resistance, slowness 2, spit poison 1, naga tail 1
a: Spit Poison, Begin Untransformation


You were on level 5 of the Dungeon.
You were a hulking beast.
You visited 1 branch of the dungeon, and saw 5 of its levels.

You collected 167 gold pieces.


Innate Abilities, Weirdness & Mutations

You are a hulking beast.
Your limbs bulge with bestial killing power. (Slay +3)
Your serpentine skin is tough. (AC +2)
You have supernaturally acute eyesight. (SInv)
Armour fits poorly on your strangely shaped body.
Your system is resistant to poisons. (rPois)
You cover ground very slowly.
You can spit poison.
You have a snake-like lower body.


   Skills:
 + Level 2.7 Fighting
 + Level 2.7 Dodging
 * Level 5.1 Unarmed Combat
 * Level 4.5 Shapeshifting


You had 6 spell levels left.
You didn't know any spells.
Your spell library contained the following spells:

 Spells                   Type           Power      Damage    Failure   Level
 Freeze                   Ice            0%         1d3       19%         1
 Frozen Ramparts          Ice            0%         1d1       45%         3
 Hailstorm                Conj/Ice       0%         3d3       45%         3
 Tukima's Dance           Hex            0%         N/A       45%         3
 Passage of Golubria      Tloc           0%         N/A       86%         4
 Yara's Violent Unravell  Hex/Tmut       0%         3d3       99%         5

Inventory:

Missiles
 b - 2 throwing nets {=f!f}
 d - 27 stones
 i - 2 poisoned darts
Armour
 a - a +1 animal skin (worn)
Jewellery
 P - a ring of poison resistance
   (You found it on level 3 of the Dungeon)
 Z - a ring of wizardry (left hand)
   (You found it on level 4 of the Dungeon)
Talismans
 c - a beast talisman
Wands
 h - a wand of charming (14)
   (You found it on level 5 of the Dungeon)
 q - a wand of flame (12)
   (You found it on level 5 of the Dungeon)
Scrolls
 g - a scroll of teleportation {@r4}
 j - 2 scrolls of noise {!r}
 k - a scroll of blinking {!r}
 p - a scroll of poison {unknown}
Potions
 e - 5 potions of brilliance
 m - a potion of attraction {!q}
 n - 2 potions of resistance
 o - 2 potions of mutation {!q}

Dungeon Overview and Level Annotations

Branches:
Dungeon (5/15) Zot: 24921
 Temple: D:4-7

Altars:
Sif Muna
Xom

Shops:
D:1

= ##...............##.####
##...####..........[....##
#....# #................##
#..### #.................#
..## #................>#
..# #.................#
..# ##...............##
#.# .............#...##
#.##.. ##.......h..###..#
#..... #..........# #..#
..## #..........# #..##
### .........c..# #...###
#?..........###.#...##
#..................#
#.......#......#####
..####........##
####.....#


You could see a centaur.


Message History

There are monsters nearby!
Found an escape hatch in the ceiling.
A hound comes into view.
The worm bites you but does no damage.
The hound barks!
You punch the worm!
Aiming: Spit Poison (1% risk of failure)
Press: ? - help, Shift-Dir - straight line, f - worm
Aim: a worm (severely wounded, 86% to hit)
The splash of poison hits the worm!
The worm is poisoned.
You kill the worm!
You punch the adder! The adder bites you.
A centaur comes into view.
The adder closely misses you.
You closely miss the adder.
The centaur shouts!
Your punch misses the adder. The adder bites you. 😕 HP[-2]
You take 2 damage, and now have 59/61 hp.
You barely miss the adder. The hound bites you.
The adder bites you but does no damage.
You hit the adder.
You kill the adder!
The hound closely misses you.
The centaur wields a +0 orcbow.
The centaur shoots an arrow.
The arrow barely misses you. The hound bites you. 😕 HP[-4]
You take 4 damage, and now have 55/61 hp.
There are monsters nearby!
You barely miss the hound.
The centaur shoots an arrow.
The arrow hits you. The hound closely misses you.
You barely miss the hound.
The centaur shoots an arrow.
The arrow barely misses you. The hound bites you but does no damage.
The centaur shoots an arrow.
The arrow barely misses you.
You barely miss the hound.
You have got your breath back.
The hound barely misses you.
The centaur shoots an arrow.
The arrow hits you! The hound bites you.
You are too injured to fight recklessly! 😮 HP[-16]
You take 16 damage, and now have 39/61 hp.
MASSIVE DAMAGE!! (PAUSE)
The hound attacks as you move away! The hound closely misses you.
The centaur shoots an arrow.
The arrow hits you.
The centaur shoots an arrow.
The arrow hits you.
* * * LOW HITPOINT WARNING * * *
The hound closely misses you. 😨 HP[-10]
You take 10 damage, and now have 29/61 hp.
The centaur shoots an arrow.
The arrow hits you.
* * * LOW HITPOINT WARNING * * *
The centaur shoots an arrow.
The arrow hits you!
* * * LOW HITPOINT WARNING * * *
The hound barely misses you. 😨 HP[-13]
You take 13 damage, and now have 16/61 hp.
MASSIVE DAMAGE!! (PAUSE)
The centaur shoots an arrow.
The arrow hits you!
* * * LOW HITPOINT WARNING * * *
The hound closely misses you. 😱 HP[-10]
You take 10 damage, and now have 6/61 hp.
The hound attacks as you move away!
The hound closely misses you. x2 😱 HP[+1] Unknown command.
It was a potion of curing.
You feel better.
The hound bites you but does no damage. x2 😱 HP[+5]
You regained 5 hp, and now have 12/61 hp.
It was a potion of degeneration.
There was something very wrong with that liquid.
You feel weakened.
You feel dopey.
You feel clumsy. The hound bites you but does no damage.
As you read the scroll of teleportation {@r4}, it crumbles to dust.
You feel strangely unstable. The hound closely misses you.
The hound bites you but does no damage. The hound closely misses you. 😱 HP[+1]
The hound attacks as you move away! The hound bites you.
* * * LOW HITPOINT WARNING * * *
Your surroundings suddenly seem different. 😱 HP[-2]
You take 2 damage, and now have 11/61 hp. 😱 HP[+1] Unknown command.
Unknown command.
A centaur is nearby!
Unknown command.
A centaur is nearby! 😨 HP[+17]
You regained 17 hp, and now have 29/61 hp.
A centaur is nearby!
The centaur shoots an arrow.
The arrow barely misses you.
The centaur shoots an arrow.
The arrow hits you!
* * * LOW HITPOINT WARNING * * *
😨 HP[-8]
You take 8 damage, and now have 21/61 hp.
The centaur shoots an arrow.
The arrow hits you!
* * * LOW HITPOINT WARNING * * *
The centaur shoots an arrow.
The arrow hits you!
You die...

Skill      XL: |  1  2  3  4  5  6 |
---------------+-------------------+-----
Dodging        | 2 |  2.7
Unarmed Combat | 4 5 |  5.1
Fighting       | 2 |  2.7
Shapeshifting  | 4 |  4.5

Action                     |  1- 3 |  4- 6 |  7- 9 || total
---------------------------+-------+-------+-------++-------
  Melee: Unarmed           |    84 |   117 |    10 ||   211
         Punch             |     5 |       |       ||     5
Ability: Spit Poison       |    22 |    23 |     3 ||    48
    Use: Scroll            |       |    12 |     1 ||    13
         Potion            |       |     1 |     2 ||     3
 Armour: Animal skin       |    21 |    17 |     7 ||    45
         Skin              |       |    16 |       ||    16
  Dodge: Dodged            |    51 |    48 |    16 ||   115

Levels and vault maps discovered:
D:1:      ncdulo_wetmaze, layout_loops_ring, serial_shops,
          nicolae_shop_gaudy_bauble
D:2:      layout_rooms, dilly_ecumenical_altar_fadedgnrine,
          dreamdust_princess_bridge, uniq_robin
D:3:      layout_basic
D:4:      layout_gridville, kennysheep_mini, dk_xom_monty_hall
D:5:      layout_rooms

Notes
Turn   | Place    | Note
-------+----------+-------------------------------------------
     0 | D:1      | kae the Naga Shapeshifter began the quest for the Orb.
     0 | D:1      | Reached XP level 1. HP: 18/18 MP: 1/1
     0 | D:1      | magus.rc [v1.11.3]
    59 | D:1      | HP: 4/18 [hobgoblin (5)]
   207 | D:1      | Reached XP level 2. HP: 21/25 MP: 2/2
   622 | D:1      | Found Siobruq's Jewellery Boutique.
   655 | D:1      | Reached XP level 3. HP: 31/31 MP: 3/3
   662 | D:1      | You pick up a book of Frost and begin reading...
   662 | D:1      | You add the spells Freeze, Frozen Ramparts and Hailstorm to
                  | your library.
  1033 | D:2      | Reached skill level 2 in Dodging
  1380 | D:2      | Noticed Robin
  1389 | D:2      | Reached XP level 4. HP: 33/38 MP: 4/4
  1405 | D:2      | Killed Robin
  1569 | D:2      | Found a faded altar of an unknown god.
  1925 | D:3      | Reached skill level 4 in Unarmed Combat
  2061 | D:3      | Identified the +0 robe of Ferocious Fun {Contam rF++ rN++}
  2112 | D:3      | Reached XP level 5. HP: 35/45 MP: 5/5
  2205 | D:3      | Reached skill level 2 in Fighting
  3080 | D:4      | Found a shimmering altar of Xom.
  3085 | D:4      | Found a shimmering blue altar of Sif Muna.
  3396 | D:4      | Reached skill level 4 in Shapeshifting
  3396 | D:4      | Reached XP level 6. HP: 31/52 MP: 6/6
  3571 | D:5      | Entered Level 5 of the Dungeon
  3646 | D:5      | Reached skill level 5 in Unarmed Combat
  3799 | D:5      | Reached XP level 7. HP: 35/61 MP: 7/7
  3950 | D:5      | You add the spells Tukima's Dance, Passage of Golubria and
                  | Yara's Violent Unravelling to your library.
  3967 | D:5      | HP: 6/61 [centaur/arrow (10)]
  3973 | D:5      | HP: 11/61 [hound (2)]
  4034 | D:5      | HP: 11/61 [centaur/arrow (10)]
  4034 | D:5      | Shot with an arrow by a centaur

Vanquished Creatures
  An ogre (D:5)
  2 jellies (D:4)
  An orc priest (D:5)
  An iguana (D:5)
  2 orc wizards
  Robin (D:2)
  4 gnolls (D:3)
  6 adders
  A shadow imp (D:3)
  A worm (D:5)
  A dart slug (D:2)
  6 orcs
  9 bats
  6 endoplasms
  2 giant cockroaches
  15 goblins
  8 hobgoblins
  3 jackals (D:3)
  2 quokkas
  7 ball pythons
  4 frilled lizards
  6 kobolds
  5 rats
94 creatures vanquished.

Table legend:
 A = Non-vault XP
 B = Vault XP
 C = Vault XP percentage of total XP
 D = Non-vault monster count
 E = Vault monster count
 F = Vault count percentage of total count
                 A         B        C        D         E       F
            +---------+---------+-------+---------+---------+-------
      Total |     529 |     124 |  19.0 |      80 |      14 |  14.9
            +---------+---------+-------+---------+---------+-------
        D:1 |      37 |       0 |   0.0 |      26 |       0 |   0.0
        D:2 |      41 |      36 |  46.8 |      17 |      12 |  41.4
        D:3 |     145 |       0 |   0.0 |      17 |       0 |   0.0
        D:4 |      27 |      88 |  76.5 |       8 |       2 |  20.0
        D:5 |     279 |       0 |   0.0 |      12 |       0 |   0.0
            +---------+---------+-------+---------+---------+-------

Skill      XL: |  1  2  3  4  5  6 |
---------------+-------------------+-----
Dodging        | 2 |  2.7
Unarmed Combat | 4 5 |  5.1
Fighting       | 2 |  2.7
Shapeshifting  | 4 |  4.5

Action                     |  1- 3 |  4- 6 |  7- 9 || total
---------------------------+-------+-------+-------++-------
  Melee: Unarmed           |    84 |   117 |    10 ||   211
         Punch             |     5 |       |       ||     5
Ability: Spit Poison       |    22 |    23 |     3 ||    48
    Use: Scroll            |       |    12 |     1 ||    13
         Potion            |       |     1 |     2 ||     3
 Armour: Animal skin       |    21 |    17 |     7 ||    45
         Skin              |       |    16 |       ||    16
  Dodge: Dodged            |    51 |    48 |    16 ||   115

Illustrated notes

Table legend:
 A = Kills in this place as a percentage of kills in the entire game.
 B = Kills by you in this place as a percentage of kills by you in the entire game.
 C = Kills by friends in this place as a percentage of kills by friends in the entire game.
 D = Other kills in this place as a percentage of other kills in the entire game.
 E = Experience gained in this place as a percentage of experience gained in the entire game.
 F = Experience gained in this place divided by the number of levels of this place that you have seen.
                   A       B       C       D       E      F
               +-------+-------+-------+-------+-------+----------------------
         Total | 100.0 | 100.0 |   N/A |   N/A | 100.0 | 130.6
       Dungeon | 100.0 | 100.0 |   N/A |   N/A | 100.0 | 130.6
               +-------+-------+-------+-------+-------+----------------------

Table legend: (Time is in decaauts)
 A = Elapsed time spent in this place.
 B = Non-inter-level travel time spent in this place.
 C = Inter-level travel time spent in this place.
 D = Time resting spent in this place.
 E = Time spent auto-exploring this place.
 F = Levels seen in this place.
 G = Mean time per level.
                   A        B        C        D        E       F      G
               +--------+--------+--------+--------+--------+-----+--------+
         Total |   5077 |   4947 |    130 |      0 |   4347 |   5 | 1015.4 |
       Dungeon |   5077 |   4947 |    130 |      0 |   4347 |   5 | 1015.4 |
               +--------+--------+--------+--------+--------+-----+--------+

Top non-repeatable levels by time:
     D:3: 1671 daAuts
     D:1: 1071 daAuts
     D:2: 1033 daAuts
     D:4: 773 daAuts
     D:5: 527 daAuts
